 Dungeon Crawl Stone Soup version 0.14.0-24-gfb45beb (console) character file.

257 Rage the Scratcher (level 4, -2/20 HPs)
             Began as a Felid Death Knight on Apr 22, 2014.
             Was a Believer of Yredelemnul.
             Killed from afar by an orc wizard (10 damage)
             ... with a puff of flame
             ... on Level 4 of the Dungeon.
             The game lasted 00:15:27 (2631 turns).

Rage the Scratcher (Felid Death Knight)             Turns: 2631, Time: 00:15:27

HP  -2/20        AC  1     Str  9      XL: 4   Next: 16%
MP   8/8         EV 17     Int 12      God: Yredelemnul [**....]
Gold 178         SH  0     Dex 17      Spells:  0 memorised,  3 levels left
Lives: 0, deaths: 1

rFire  . . .     SeeInvis +       - Unarmed
rCold  . . .     Clarity  .     (armour unavailable)
rNeg   . . .     Conserve .     (shield unavailable)
rPois  .         rCorr    .     (helmet unavailable)
rElec  .         rRot     .     (cloak unavailable)
SustAb . .       Spirit   .     (gloves unavailable)
rMut   .         Warding  .     (boots unavailable)
Saprov . . .     Stasis   .     (no amulet)
MR     +....                    (no ring)
                                b - ring of protection from magic

@: quick, somewhat resistant to hostile enchantments, fairly stealthy
A: paw claws, no armour, no weapons or thrown items, fangs 3, see invisible,
carnivore 3, speed 1, robust 1, shaggy fur 1, slow metabolism 1, jump 1
a: Jump Attack, Animate Remains, Recall Undead Slaves, Injury Mirror, Renounce
Religion


You were on level 4 of the Dungeon.
You worshipped Yredelemnul.
Yredelemnul was pleased with you.
You were not hungry.

You visited 1 branch of the dungeon, and saw 4 of its levels.

You collected 178 gold pieces.

Inventory:

Comestibles
 c - 3 meat rations
 m - 2 chunks of hobgoblin flesh
Scrolls
 a - 2 scrolls of immolation
 d - a scroll of teleportation {unknown}
 e - 2 scrolls of fog
 h - a scroll of magic mapping {unknown}
 i - 3 scrolls of remove curse {unknown}
 j - a scroll of noise {unknown}
Jewellery
 b - a ring of protection from magic (left paw)
 g - an uncursed amulet of resist mutation {unknown}
Potions
 k - a potion of agility {unknown}
 l - a potion of invisibility {unknown}
Books
 f - a book of the Tempests

   Spells                             Type                      Level
   Static Discharge                   Conjuration/Air              3
   Lightning Bolt                     Conjuration/Air              5
   Fireball                           Conjuration/Fire             5
   Tornado                            Air                          9
   Shatter                            Earth                        9


   Skills:
 - Level 2.0 Fighting
 - Level 2.1 Dodging
 + Level 5.4 Unarmed Combat
 - Level 2.6 Invocations


You had 3 spell levels left.
You didn't know any spells.

Dungeon Overview and Level Annotations

Branches:
Dungeon (4/15)
 Temple: D:4-7

Altars:
Dithmenos
Elyvilon
Trog
Yredelemnul
Zin
The Shining One

Shops:
D:3 *


Innate Abilities, Weirdness & Mutations

You cannot wear armour.
You are incapable of wielding weapons or throwing items.
Your paws have sharp claws.
You have razor-sharp teeth.
You have supernaturally acute eyesight.
You are carnivorous and can eat meat at any time.
You cover ground quickly.
You are covered in fur (AC +1).
You have a slow metabolism.
You can jump attack at a short distance.
You are robust (+10% HP).


Message History

The orc misses you. The orc wizard casts a spell at you.
You resist with almost no effort. The orc barely misses you.
The orc shouts!
The orc closely misses you. The orc misses you.
You scratch the orc wizard but do no damage.
You bite the orc wizard.
The orc wizard is lightly wounded.
The orc hits you from afar with a trident!
The orc wizard points at you and mumbles some strange words.
The magic dart hits you!
* * * LOW HITPOINT WARNING * * *
Drink which item? (? for menu, Esc to quit)
You feel better.
The orc wizard gestures at you while chanting.
The puff of flame hits you!
Ouch! That really hurt!
You die...
Your body rises from the dead as a mindless zombie.

##.##### #.#.##.#..# ... ..(..#
#.........# ... ##.#.#
#######.......# H.. ##.#.#
#........#.#..# ##### ...
#..#.#
#.............##..........
#.##.#
#.......o.................
#.##.###......#o#o##.##........
..............#.#.##.# #####
#..####.........@....#
#..####.#.####.##.####
#.....#.#.####.##.#
##.##..........##.#
#.####.#.#.#..##.########
#......#.#..............#
########......###(#####.###
#.###.## #.##... .. #.....#
#.##.##.#


You could see an orc wizard (invisible) and 2 orcs.

Vanquished Creatures
  An orc priest (D:3)
  An iguana (D:4)
  Natasha (D:3)
  2 adders
  A giant gecko (D:1)
  7 orcs
  A bat skeleton (D:4)
  3 giant cockroaches
  6 hobgoblins
  8 jackals
  2 kobolds
  A quokka (D:3)
  9 bats
  2 giant newts (D:1)
  A goblin (D:3)
  5 rats
51 creatures vanquished.

Vanquished Creatures (collateral kills)
  A bat (D:4)
  A goblin (D:4)
2 creatures vanquished.

Vanquished Creatures (others)
  An iguana zombie (D:4)
  An adder zombie (D:3)
2 creatures vanquished.

Grand Total: 55 creatures vanquished

Notes
Turn   | Place    | Note
--------------------------------------------------------------
     0 | D:1      | Rage, the Felid Death Knight, began the quest for the Orb.
     0 | D:1      | Reached XP level 1. HP: 9/9 MP: 2/2
   512 | D:2      | Reached XP level 2. HP: 11/13 MP: 3/3
   693 | D:2      | Found a glowing golden altar of the Shining One.
   694 | D:2      | Noticed an angel
   698 | D:2      | Found a basalt altar of Yredelemnul.
   699 | D:2      | Noticed a profane servitor
   745 | D:3      | Found a glowing silver altar of Zin.
   746 | D:3      | Found Zin's Purification Station.
   940 | D:3      | Found a shadowy altar of Dithmenos.
   950 | D:3      | Reached skill level 3 in Unarmed Combat
  1113 | D:3      | Reached XP level 3. HP: 9/16 MP: 6/6
  1114 | D:3      | Noticed Natasha
  1140 | D:3      | Killed Natasha
  1140 | D:3      | Reached skill level 4 in Unarmed Combat
  1171 | D:3      | Found a bloodstained altar of Trog.
  1171 | D:3      | Found a white marble altar of Elyvilon.
  1380 | D:4      | Noticed a hippogriff
  1381 | D:4      | Gained mutation: You are robust (+10% HP). [potion of beneficial mutation]
  1468 | D:4      | Reached XP level 4. HP: 9/20 MP: 8/8
  1470 | D:4      | Acquired Yredelemnul's second power
  1692 | D:4      | Noticed a hippogriff
  1798 | D:4      | Noticed an ogre
  1878 | D:3      | Noticed a phantom
  2345 | D:3      | Reached skill level 5 in Unarmed Combat
  2396 | D:3      | Reached XP level 5. HP: 14/24 MP: 10/10
  2598 | D:4      | Mangled by an ogre
  2599 | D:4      | Reached XP level 4. HP: -6/20 MP: 8/8
  2631 | D:4      | Killed from afar by an orc wizard

Action                   |  1- 3 |  4- 6 || total
-------------------------+-------+-------++-------
Melee: Unarmed           |    97 |    96 ||   193
Invok: Animate Remains   |     3 |     1 ||     4
  Use: Scroll            |     4 |       ||     4
       Potion            |     3 |     2 ||     5
 Stab: Sleeping          |       |     1 ||     1
